 Dungeon Crawl Stone Soup version 0.16.2-2-g470672f (webtiles) character file.

151 Everild the Chopper (level 5, -1/32 HPs)
             Began as a Gargoyle Fighter on Aug 18, 2015.
             Killed from afar by an orc wizard (5 damage)
             ... with a puff of flame
             ... on level 3 of the Dungeon.
             The game lasted 00:07:12 (2051 turns).

Everild the Chopper (Gargoyle Fighter)              Turns: 2051, Time: 00:07:13

Health: -1/32      AC: 13    Str: 20    XL:     5   Next: 33%
Magic:  5/5        EV:  5    Int:  9    God:
Gold:   119        SH:  9    Dex:  9    Spells: 0 memorised, 4 levels left

rFire  . . .     SeeInvis .     a - +0 war axe
rCold  . . .     Clarity  .     g - +0 chain mail
rNeg   + . .     SustAb   .     c - +0 shield
rPois  ∞         Gourm    .     (no helmet)
rElec  +         Spirit   .     (no cloak)
rCorr  .         Warding  .     (no gloves)
rMut   .         Stasis   .     (no boots)
MR     .....                    (no amulet)
Stlth  ..........               (no ring)
                                (no ring)

@: very slightly contaminated, hasted, very quick, not resistant to hostile
enchantments, extremely unstealthy
A: negative energy resistance 1, electricity resistance, unbreathing,
petrification resistance, rot immunity, AC +4
a: no special abilities


You were on level 3 of the Dungeon.
You were not hungry.

You visited 1 branch of the dungeon, and saw 4 of its levels.

You collected 119 gold pieces.

Inventory:

Hand weapons
 a - a +0 war axe (weapon)
Armour
 c - a +0 shield (worn)
 g - a +0 chain mail (worn)
Scrolls
 b - 6 scrolls of identify {unknown}
 e - 2 scrolls of teleportation {unknown}
 i - a scroll of fog {unknown}
 j - a scroll of random uselessness {unknown}
 n - a scroll of immolation {unknown}
 o - a scroll of remove curse {unknown}
Potions
 f - a potion of curing {unknown}
 h - a potion of haste
 k - a potion of restore abilities {unknown}
Comestibles
 d - 3 bread rations
 l - a slice of pizza
 m - 4 fruits
 p - 2 meat rations
 q - a beef jerky


   Skills:
 - Level 3.2 Fighting
 + Level 4.8 Axes
 - Level 3.2 Armour
 - Level 3.2 Shields


You had 4 spell levels left.
You didn't know any spells.

Dungeon Overview and Level Annotations

Branches:
Dungeon (4/15)
 Temple: D:4-7

Altars:
Sif Muna
Trog
Xom
Zin


Innate Abilities, Weirdness & Mutations

You are resistant to torment.
You are immune to poison.
Your stone body is very resilient (AC +4).
You resist negative energy.
You are resistant to electric shocks.
You can survive without breathing.
You are immune to petrification.
You are immune to rotting.


Message History

The rat's corpse disappears in a puff of smoke!
You block the kobold's attack.
You hear some strange, mumbled words.
A puff of flame appears from out of thin air!
The puff of flame hits you!
* * * LOW HITPOINT WARNING * * *
Your chain mail prevents you from hitting something.
You hit the kobold.
The kobold is moderately wounded.
You block the kobold's attack.
You hear some strange, mumbled words.
The magic dart hits you!
You closely miss something. You slash the kobold!
You kill the kobold!
The kobold's corpse disappears in a puff of smoke!
You completely miss the orc.
You hear some strange, mumbled words.
A puff of flame appears from out of thin air!
The puff of flame hits you!
You die...

###.#####
#...o{@o#######
#.#####§......#
#...oo......#.#
######..^...#.#
#..........#.#
.......####.#.#
...............####
..#####..###.#.....#
..#..A#..#
#.#.###.######


You could see 2 orcs.

Vanquished Creatures
  Crazy Yiuf (D:2)
  An orc wizard (D:3)
  Ijyb (D:2)
  3 adders (D:2)
  3 worms (D:2)
  4 orcs (D:3)
  A ball python (D:3)
  5 bats
  A bat skeleton (D:3)
  7 goblins
  4 hobgoblins
  11 kobolds
  A giant cockroach (D:2)
  A giant newt (D:2)
  2 rats (D:3)
46 creatures vanquished.

Notes
Turn   | Place    | Note
--------------------------------------------------------------
     0 | D:1      | Everild, the Gargoyle Fighter, began the quest for the Orb.
     0 | D:1      | Reached XP level 1. HP: 14/14 MP: 1/1
   289 | D:1      | Reached XP level 2. HP: 19/19 MP: 2/2
   348 | D:2      | Noticed Ijyb
   823 | D:2      | Killed Ijyb
   823 | D:2      | Reached XP level 3. HP: 23/23 MP: 3/3
   830 | D:2      | Found a bloodstained altar of Trog.
  1293 | D:2      | Reached XP level 4. HP: 28/28 MP: 4/4
  1321 | D:2      | Noticed Crazy Yiuf
  1328 | D:2      | Killed Crazy Yiuf
  1328 | D:2      | Reached skill level 4 in Axes
  1354 | D:2      | Found a deep blue altar of Sif Muna.
  1565 | D:2      | Reached XP level 5. HP: 21/32 MP: 5/5
  1738 | D:3      | Found a glowing silver altar of Zin.
  1738 | D:3      | Found a shimmering altar of Xom.
  1738 | D:3      | Noticed an angel
  2051 | D:3      | Killed from afar by an orc wizard

Action                   |  1- 3 |  4- 6 || total
-------------------------+-------+-------++-------
Melee: War axe           |    88 |   121 ||   209
  Use: Potion            |     1 |     1 ||     2
  Eat: Chunk             |     1 |     4 ||     5
